 Dungeon Crawl Stone Soup version 0.30-a0-782-ge64f9170bb (webtiles) character file.

Game seed: 15893150820754944461

214258 Leeroy the Merfolkian Blade (level 18, -23/138 HPs)
             Began as a Merfolk Monk on Feb 26, 2023.
             Was a Follower of Uskayaw.
             Blown up by an orb spider (48 damage)
             ... with an orb of destruction
             ... on level 4 of the Spider Nest.
             The game lasted 01:55:07 (43571 turns).

Leeroy the Merfolkian Blade (Merfolk Monk)         Turns: 43571, Time: 01:55:08

Health: -23/138    AC:  3    Str:  7 (10) XL:     18   Next: 98%
Magic:  0/30       EV: 42    Int: 11 (15) God:    Uskayaw [*.....]
Gold:   1406       SH:  5    Dex: 32 (36) Spells: 3/33 levels left

rFire   . . .      SeeInvis .    q - +2 scimitar (vamp)
rCold   . . .      Faith    .    (no shield)
rNeg    . . .      Spirit   .    V - +0 ring mail of the Will of the Gods {Rampage Will+ Int-2 Dex+5}
rPois   +          Reflect  +    e - +2 helmet
rElec   .          Harm     .    E - +2 cloak
rCorr   .          Rampage  +    a - +2 pair of gloves
Will    ++...                    (boots currently unavailable)
Stlth   ++++                     g - amulet of reflection
HPRegen 0.43/turn                L - ring "Pupnu" {rPois Int+2 Dex+3}
MPRegen 0.22/turn                Z - +6 ring of dexterity

@: corroded, on blink cooldown, very quick
A: nimble swimmer 2, mertail, clever 1, subdued magic 1, sturdy frame 1
}: 1/15 runes: barnacled
a: Renounce Religion, Stomp


You were on level 4 of the Spider Nest.
You worshipped Uskayaw.
Uskayaw was aware of your devotion.
You visited 7 branches of the dungeon, and saw 32 of its levels.
You also visited: Ossuary, Bailey and Ice Cave.

You collected 2257 gold pieces.
You spent 851 gold pieces at shops.

Inventory:

Hand Weapons
 o - the +4 scimitar "Gamiot" {elec, rN+ Will+ Int+2 Stlth+}
   (You bought it in a shop on level 14 of the Dungeon)

   Int:       It affects your intelligence (+2).
   rN:        It protects you from negative energy.
   Will:      It increases your willpower.
   Stlth:     It makes you more stealthy.
 p - a +2 scimitar of holy wrath
 q - a +2 vampiric scimitar (weapon)
 t - a +3 rapier of speed
 w - a +0 great sword of holy wrath
 A - a +0 scimitar of flaming
Missiles
 j - 60 poisoned darts
 H - 11 silver javelins
 Y - 10 throwing nets
Armour
 a - a +2 pair of gloves (worn)
 e - a +2 helmet (worn)
 i - a +2 pair of boots (melded)
 E - a +2 cloak (worn)
 K - a +1 robe of cold resistance
 M - a +1 troll leather armour
 R - an orb of mayhem
 V - the +0 ring mail of the Will of the Gods (worn) {Rampage Will+ Int-2 Dex+5}
   (You found it on level 4 of the Spider Nest)

   Int:       It affects your intelligence (-2).
   Dex:       It affects your dexterity (+5).
   Rampage:   It bestows one free step when moving towards enemies.
   Will:      It increases your willpower.
Jewellery
 g - an amulet of reflection (around neck)
 s - a ring of protection from fire
 J - a ring of resist corrosion
 L - the ring "Pupnu" (left hand) {rPois Int+2 Dex+3}
   (You found it in a bailey)

   [ring of poison resistance]

   Int:       It affects your intelligence (+2).
   Dex:       It affects your dexterity (+3).
   rPois:     It protects you from poison.
 N - a ring of protection from fire
 O - the ring of Xaget {Wiz rN+ Int+5}
   (You took it off a merfolk siren on level 4 of the Shoals)

   [ring of wizardry]

   It improves your spell success rate.
   Int:       It affects your intelligence (+5).
   rN:        It protects you from negative energy.
 Z - a +6 ring of dexterity (right hand)
Wands
 m - a wand of flame (8)
 n - a wand of digging (5)
 I - a wand of mindburst (9)
 Q - a wand of polymorph (23)
 T - a wand of paralysis (6)
 U - a wand of acid (19)
Scrolls
 c - 6 scrolls of enchant weapon
 k - 4 scrolls of fog
 r - 4 scrolls of teleportation
 u - 2 scrolls of brand weapon
 v - 5 scrolls of silence
 y - 6 scrolls of enchant armour
 B - 6 scrolls of poison
Potions
 b - a potion of resistance
 d - 3 potions of might
 f - 11 potions of curing
 h - 9 potions of attraction
 l - 6 potions of ambrosia
 x - 10 potions of brilliance
 z - 5 potions of berserk rage
 C - 4 potions of mutation
 F - 2 potions of flight
 G - 2 potions of haste
 P - 3 potions of invisibility
 S - 3 potions of cancellation
 W - 3 potions of magic
Miscellaneous
 X - a phial of floods (quivered)


   Skills:
 - Level 11.1 Fighting
 - Level 24.1 Long Blades
 - Level 4.1 Armour
 + Level 21.6 Dodging
 - Level 2.1 Stealth
 - Level 8.0 Spellcasting
 - Level 11.0 Translocations
 - Level 2.1 Transmutations
 - Level 11.4 Invocations


You had 3 spell levels left.
You knew the following spells:

 Your Spells              Type           Power      Damage    Failure   Level
a - Manifold Assault      Tloc           22%        N/A       2%          4
b - Wereblood             Tmut           7%         N/A       16%         2
c - Blink                 Tloc           44%        N/A       1%          2
d - Mephitic Cloud        Conj/Pois/Air  3%         N/A       58%         3
e - Alistair's Intoxicat  Tmut/Pois      3%         N/A       99%         5
f - Dispersal             Tloc           11%        N/A       38%         6
g - Disjunction           Tloc           11%        N/A       100%        8

Your spell library contained the following spells:

 Spells                   Type           Power      Damage    Failure   Level
 Apportation              Tloc           44%        N/A       1%          1
 Foxfire                  Conj/Fire      12%        2x1d4     24%         1
 Necrotise                Necr           12%        1d4       24%         1
 Shock                    Conj/Air       12%        1d3       24%         1
 Slow                     Hex            12%        N/A       24%         1
 Summon Small Mammal      Summ           12%        N/A       24%         1
 Cigotuvi's Dreadful Rot  Necr/Pois/Air  6%         N/A       34%         2
 Poisonous Vapours        Pois/Air       6%         N/A       34%         2
 Sublimation of Blood     Necr           3%         N/A       34%         2
 Ignite Poison            Fire/Tmut/Pois 4%         N/A       50%         3
 Call Canine Familiar     Summ           3%         N/A       58%         3
 Confusing Touch          Hex            3%         N/A       58%         3
 Summon Guardian Golem    Hex/Summ       3%         N/A       58%         3
 Swiftness                Air            3%         N/A       58%         3
 Vampiric Draining        Necr           3%         2d6       58%         3
 Airstrike                Air            1%         2d(1-17)  94%         4
 Animate Dead             Necr           3%         N/A       94%         4
 Cause Fear               Hex            1%         N/A       94%         4
 Sticky Flame             Conj/Fire      3%         2d3       94%         4
 Agony                    Necr           3%         N/A       100%        5
 Borgnjor's Vile Clutch   Necr/Erth      1%         N/A       100%        5
 Fireball                 Conj/Fire      1%         3d3       100%        5
 Iskenderun's Battlesphe  Conj           3%         2d6       100%        5
 Death Channel            Necr           1%         N/A       100%        6
 Eringya's Noxious Bog    Tmut/Pois      2%         N/A       100%        6
 Iron Shot                Conj/Erth      1%         9d1       100%        6
 Starburst                Conj/Fire      1%         6d3       100%        6
 Dragon Form              Tmut           3%         N/A       100%        7
 Spellforged Servitor     Conj/Summ      1%         N/A       100%        7
 Storm Form               Tmut/Air       2%         N/A       100%        7
 Summon Hydra             Summ           1%         N/A       100%        7
 Ignition                 Fire           1%         3d3       100%        8
 Dragon's Call            Summ           1%         N/A       100%        9


Dungeon Overview and Level Annotations

Branches:
Dungeon (15/15)            Temple (1/1) D:4            Lair (5/5) D:9
 Shoals (4/4) Lair:2       Spider (4/4) Lair:2        Slime (0/5) Lair:4
    Orc (2/2) D:11         Vaults (0/5) D:14         Depths (1/4) D:15
Ossuary (visited)          Bailey (visited)           IceCv (visited)
    Elf: Orc:2

Altars:
Ashenzari
Cheibriados
Dithmenos
Elyvilon
Fedhas
Gozag
Hepliaklqana
Kikubaaqudgha
Makhleb
Nemelex Xobeh
Okawaru
Qazlal
Ru
Sif Muna
Trog
Uskayaw
Vehumet
Wu Jian
Xom
Yredelemnul
Zin
The Shining One
Jiyva

Shops:
D:5 =   D:14 (   D:15 (   Shoals:1 :

Portals:
Trove: D:14 (give 2 scrolls of acquirement)

Annotations:
D:4 2 transporters, qborf's ghost, amateur AtMo
D:5 Edmund
D:8 1 runed translucent door
Lair:4 1 runed translucent door
Shoals:1 Nikola
Orc:1 Rupert


Innate Abilities, Weirdness & Mutations

You are very nimble when in or above water. (Stealth+, EV+, Speed+++)
Your lower body shifts to a powerful aquatic tail in water.
Your mind is acute. (Int +4, Str/Dex -1)
Your spells are a little easier to cast, but a little less powerful.
Your movements are slightly less encumbered by armour. (ER -2)


Message History

You swap places.
Your +2 pair of boots unmelds from your body.
You feel you are being watched by something.
Something barely misses your butterfly. Something hits your butterfly.
Your butterfly dies!
Your butterfly disappears in a burst of colours!
You feel you are being watched by something.
Something closely misses your butterfly.
Something hits your butterfly.
Your butterfly dies!
Your butterfly disappears in a burst of colours!
You can no longer pass through a line of other dancers.
You feel you are being watched by something.
You feel your power leaking away.
Okay, then.
Casting: Manifold Assault (mildly dangerous; 2% risk of failure)
Confirm with . or Enter, or press ? or * to list all spells.
Okay, then.
Magic courses through your body.
Casting: Manifold Assault (mildly dangerous; 2% risk of failure)
Confirm with . or Enter, or press ? or * to list all spells.
You blink.
The orb spider's many legs skitter faintly.
The orb spider weaves a glowing orb of energy.
An orb of destruction comes into view.
You rampage towards the steelbarb worm!
You feel you are being watched by something.
You feel your power leaking away.
You rampage towards the steelbarb worm!
Your legs become a tail as you enter the water.
Your +2 pair of boots melds into your body.
You barely miss the steelbarb worm.
You tail-slap the steelbarb worm, but do no damage.
The steelbarb worm splashes around in the water.
You feel you are being watched by something.
You feel your power leaking away.
You hit the steelbarb worm.
You feel better.
The steelbarb worm is lightly wounded.
The orb of destruction hits you!!!
You die...

#.. ## ############# #.
####..#..^.~^#.#####
###.#..°....^.#.#...#.
###~#...°s....###.###~..
###.#.....°~...^##...##...
##.#bb....○~~~^.##.....##..
###.......{.@w~~.............
#~#..#.#......~^^.##.^...##..
#..###.###.........##.^.##^..
##.~##^..##~........###.###...
#..##.....##........^~#.#.....
#.........^^....^.............
#..##.....##^^..~#.#........##
#....##.†.##....###^###.?...~##
#^^...
##.###~..^##...##^....##.


You could see a steelbarb worm and an orb spider.

Vanquished Creatures
  Saint Roka (Orc:2)
  Arachne (Spider:4)
  Mlioglotl (Spider:4)
  Polyphemus (Shoals:4)
  Donald (Spider:1)
  An azure jelly (IceCv)
  A ghost moth (Spider:4)
  3 emperor scorpions
  Aizul (Shoals:4)
  7 broodmothers
  2 quicksilver oozes (IceCv)
  2 elemental wellsprings (Shoals:3)
  4 spark wasps
  4 merfolk javelineers (Shoals:4)
  A fire dragon (Lair:5)
  8 merfolk impalers
  Harold (D:10)
  4 vault guards (D:14)
  4 entropy weavers
  6 hydras
  A catoblepas (Shoals:4)
  Fannar (Lair:1)
  2 ogre magi (D:12)
  3 radroaches
  2 alligator snapping turtles
  2 jorogumos
  9 centaur warriors
  A satyr (Shoals:4)
  6 boulder beetles
  11 merfolk aquamancers
  A death knight (D:12)
  A death yak (shapeshifter) (D:12)
  4 two-headed ogres
  A tengu warrior (D:14)
  2 death yaks (Shoals:4)
  Amaemon (D:9)
  4 skeletal warriors (D:14)
  3 pharaoh ants
  8 skysharks
  11 orb spiders
  10 sea snakes
  3 sun moths
  A deep troll (Lair:3)
  A sea snake (shapeshifter) (D:12)
  A wizard (D:15)
  17 harpies
  3 deep elf pyromancers
  A necromancer (D:15)
  10 steelbarb worms
  A lindwurm (Lair:5)
  2 orc knights
  A deep elf zephyrmancer (D:12)
  19 wolf spiders
  7 ugly things (D:14)
  An orc sorcerer (Orc:2)
  12 manticores
  7 cyclopes
  8 fauns
  5 moths of wrath
  11 elephants
  5 water nymphs
  7 merfolk sirens
  8 black mambas
  3 demonic crawlers
  2 ice statues (IceCv)
  4 torpor snails
  An orange demon (D:9)
  15 cane toads
  2 naga magi (D:15)
  A gargoyle (D:12)
  3 molten gargoyles (Lair:5)
  A kobold demonologist (D:12)
  A freezing wraith (D:14)
  An unseen horror (D:12)
  A rime drake (Lair:5)
  2 efreet (D:13)
  8 komodo dragons
  A tengu conjurer (D:14)
  A wolf spider simulacrum (D:14)
  A queen bee (Spider:1)
  6 trolls
  13 meliai
  39 tarantellas
  4 blink frogs (Lair:2)
  37 merfolk
  6 wind drakes
  Grinder (D:5)
  A wind drake (shapeshifter) (Spider:2)
  Prince Ribbit (D:5)
  A tarantella (shapeshifter) (D:12)
  18 jumping spiders
  9 dream sheep
  14 snapping turtles
  21 slime creatures
  17 culicivoras
  2 centaur simulacra (D:15)
  A shadow (D:8)
  46 yaks
  A vampire (D:11)
  10 basilisks
  A fire bat (D:8)
  6 wraiths
  12 water elementals
  6 wyverns
  5 steam dragons
  21 redbacks
  9 vampire mosquitoes
  Menkaure (D:5)
  A warg (Orc:1)
  5 hell hounds (Lair:5)
  10 water moccasins
  26 orc warriors
  An ice beast (D:3)
  3 sky beasts
  3 ogres
  5 black bears
  5 great orb of eyes simulacra (IceCv)
  8 centaurs
  10 wolves
  2 phantoms
  3 slime creature simulacra (IceCv)
  An elf zombie (Ossuary)
  2 kobold brigands
  15 bullfrogs
  A necrophage (D:5)
  2 scorpions
  4 glowing shapeshifter simulacra (IceCv)
  14 wights
  32 killer bees
  A vampire bat (D:6)
  An electric eel (Spider:1)
  4 howler monkeys
  5 lava snakes (Lair:5)
  5 centaur zombies
  A gnoll bouda (D:6)
  2 hounds
  7 jellies (D:10)
  9 orc priests
  3 iguanas
  22 orc wizards
  3 shapeshifter simulacra (IceCv)
  2 mummies (Ossuary)
  13 gnolls
  16 adders
  14 white imps
  3 ufetubi
  3 adder zombies (Ossuary)
  A worm (D:2)
  3 dart slugs
  96 orcs
  9 ball pythons
  18 bats
  26 endoplasms
  4 giant cockroaches (D:1)
  9 goblins
  7 hobgoblins
  11 jackals
  5 quokkas
  4 frilled lizards (D:3)
  2 goblin zombies (Ossuary)
  11 hobgoblin zombies (Ossuary)
  23 kobolds
  6 kobold zombies (Ossuary)
  9 orc zombies (Ossuary)
  10 rats
  2 rat zombies (Ossuary)
1149 creatures vanquished.

Vanquished Creatures (others)
  An ugly thing (D:14)
  A faun (Shoals:1)
  An orc warrior (Orc:2)
  An orc (Orc:2)
  12 fungi
  27 plants
43 creatures vanquished.

Grand Total: 1192 creatures vanquished

Notes
Turn   | Place    | Note
-------+----------+-------------------------------------------
     0 | D:1      | Leeroy the Merfolk Monk began the quest for the Orb.
     0 | D:1      | Reached XP level 1. HP: 18/18 MP: 1/1
     2 | D:1      | Found a runed translucent door.
    95 | D:1      | Reached skill level 4 in Long Blades
   172 | D:1      | Reached XP level 2. HP: 24/24 MP: 2/2
   733 | D:1      | Reached skill level 5 in Long Blades
   733 | D:1      | Reached XP level 3. HP: 28/29 MP: 3/3
  1158 | D:2      | Identified the +6 whip of the Verdant God {venom, Fragile
                  | Fly rPois}
  1222 | D:2      | Reached XP level 4. HP: 35/35 MP: 4/4
  1233 | D:2      | Reached skill level 6 in Long Blades
  1854 | D:3      | Found an opulent altar of Gozag.
  1882 | D:3      | Noticed an ice beast
  1916 | D:3      | Killed an ice beast
  1917 | D:3      | Reached skill level 7 in Long Blades
  1917 | D:3      | Reached XP level 5. HP: 18/41 MP: 5/5
  2295 | D:3      | Found a blossoming altar of Fedhas.
  2399 | D:3      | Reached XP level 6. HP: 42/47 MP: 6/6
  2405 | D:3      | Reached skill level 8 in Long Blades
  2795 | D:4      | Found a transporter.
  2836 | D:4      | Found a transporter.
  2837 | D:4      | Noticed qborf's ghost (amateur AtMo)
  2880 | D:4      | Reached skill level 9 in Long Blades
  2956 | D:4      | Noticed a black bear
  2960 | D:5      | Entered Level 5 of the Dungeon
  2982 | D:5      | Noticed Grinder
  3002 | D:5      | Reached XP level 7. HP: 47/52 MP: 7/7
  3084 | D:5      | Reached skill level 10 in Long Blades
  3224 | D:5      | Found a sand-covered staircase.
  3240 | D:5      | Noticed Menkaure
  3245 | D:5      | Killed Menkaure
  3269 | Ossuary  | Entered an ossuary
  3898 | Ossuary  | Reached skill level 11 in Long Blades
  3898 | Ossuary  | Reached XP level 8. HP: 58/58 MP: 8/8
  4058 | D:5      | Noticed Prince Ribbit
  4059 | D:5      | Found Eniat's Jewellery Boutique.
  4092 | D:5      | Killed Prince Ribbit
  4093 | D:5      | Reached skill level 12 in Long Blades
  4427 | D:5      | Noticed Edmund
  4541 | D:4      | Found a staircase to the Ecumenical Temple.
  4584 | Temple   | Entered the Ecumenical Temple
  5326 | D:3      | Found a snail-covered altar of Cheibriados.
  5488 | D:5      | Paralysed by Grinder for 4 turns
  5495 | D:5      | Killed Grinder
  5496 | D:5      | Reached skill level 13 in Long Blades
  5656 | D:5      | Reached XP level 9. HP: 49/64 MP: 9/9
  6459 | D:6      | Found an iron altar of Okawaru.
  6462 | D:6      | Found a stormy altar of Qazlal.
  6472 | D:6      | Found a hide-covered altar of Uskayaw.
  6476 | D:6      | Became a worshipper of Uskayaw the Reveller
  6476 | D:6      | Reached * piety under Uskayaw
  6482 | D:6      | Found a hazy altar of Hepliaklqana.
  6490 | D:6      | Reached ** piety under Uskayaw
  6494 | D:6      | Reached skill level 14 in Long Blades
  6608 | D:6      | Found a white marble altar of Elyvilon.
  6914 | D:6      | Reached skill level 5 in Dodging
  7407 | D:6      | Reached *** piety under Uskayaw
  7701 | D:7      | Reached **** piety under Uskayaw
  7714 | D:7      | Reached ***** piety under Uskayaw
  7776 | D:7      | Found a flagged portal.
  7891 | Bailey   | Entered a bailey
  8035 | Bailey   | Reached skill level 10 in Dodging
  8083 | Bailey   | Reached XP level 10. HP: 51/70 MP: 10/10
  8417 | Bailey   | Identified the ring "Pupnu" {rPois Int+2 Dex+3}
  8421 | Bailey   | Noticed an orc knight
  8558 | Bailey   | Killed an orc knight
  8728 | Bailey   | Reached XP level 11. HP: 75/75 MP: 11/11
  9914 | D:8      | Found a runed translucent door.
  9962 | D:8      | Found a basalt altar of Yredelemnul.
  9972 | D:8      | Found a shimmering altar of Xom.
  9978 | D:8      | Reached skill level 5 in Fighting
  9985 | D:8      | Found a shimmering altar of Xom.
 10016 | D:8      | Found a sacrificial altar of Ru.
 10027 | D:8      | Found a radiant altar of Vehumet.
 10097 | D:8      | Found a radiant altar of Vehumet.
 10120 | D:8      | Noticed a flayed ghost
 10591 | D:9      | Found a staircase to the Lair.
 11080 | D:9      | Reached XP level 12. HP: 94/94 MP: 12/12
 11271 | D:9      | Noticed a two-headed ogre
 11287 | D:9      | Killed a two-headed ogre
 11427 | D:10     | Entered Level 10 of the Dungeon
 11566 | D:10     | Noticed a two-headed ogre
 11582 | D:10     | Killed a two-headed ogre
 11797 | D:10     | Found a bloodstained altar of Trog.
 11992 | D:10     | Noticed Harold
 12023 | D:10     | Killed Harold
 12024 | D:10     | Reached skill level 10 in Fighting
 12317 | D:10     | Reached ****** piety under Uskayaw
 12453 | D:10     | Reached skill level 1 in Invocations
 12677 | D:11     | Found a staircase to the Orcish Mines.
 12703 | D:11     | Found a frozen archway.
 12789 | D:11     | Noticed a boulder beetle
 12862 | IceCv    | Entered an ice cave
 12882 | IceCv    | Noticed a quicksilver ooze
 13873 | IceCv    | Killed a quicksilver ooze
 13874 | IceCv    | Reached skill level 1 in Armour
 14483 | IceCv    | Reached skill level 5 in Invocations
 14530 | IceCv    | Found a viscous altar of Jiyva.
 14530 | IceCv    | Noticed an azure jelly
 14546 | IceCv    | Killed an azure jelly
 14813 | IceCv    | Noticed a quicksilver ooze
 14824 | IceCv    | Killed a quicksilver ooze
 14825 | IceCv    | Reached XP level 13. HP: 63/104 MP: 3/18
 14955 | IceCv    | Identified the +0 chain mail of Moral Flaws {rPois Will-
                  | rCorr SInv}
 16104 | Lair:1   | Entered Level 1 of the Lair of Beasts
 16182 | Lair:1   | Noticed Fannar
 16284 | Orc:1    | Entered Level 1 of the Orcish Mines
 16516 | Orc:2    | Entered Level 2 of the Orcish Mines
 16581 | Orc:2    | Noticed Saint Roka
 16599 | Orc:2    | Killed Saint Roka
 16678 | Orc:2    | Reached skill level 10 in Invocations
 16717 | Orc:2    | Noticed an orc warlord
 17052 | Orc:2    | Noticed Rupert
 17097 | D:11     | Learned a level 4 spell: Manifold Assault
 17262 | D:12     | Paralysed by an ogre mage for 4 turns
 17528 | D:12     | Reached skill level 15 in Long Blades
 18013 | D:13     | Reached skill level 16 in Long Blades
 18685 | D:14     | Reached XP level 14. HP: 113/113 MP: 22/22
 18919 | D:14     | Reached skill level 17 in Long Blades
 18965 | D:14     | Found Izivo's Antique Weapon Shop.
 18973 | D:14     | Bought a faintly glowing scimitar for 243 gold pieces
 18973 | D:14     | Identified the +4 scimitar "Gamiot" {elec, rN+ Will+ Int+2
                  | Stlth+} (You bought it in a shop on level 14 of the
                  | Dungeon)
 18973 | D:14     | Bought a glowing great sword for 256 gold pieces
 19322 | D:14     | Reached skill level 18 in Long Blades
 19966 | D:14     | Found a gate to the Vaults.
 20087 | D:14     | Found a portal to a secret trove of treasure.
 20173 | D:15     | Entered Level 15 of the Dungeon
 20284 | D:15     | Reached skill level 19 in Long Blades
 20518 | D:15     | Found Cogigafi's Antique Weapon Shoppe.
 20751 | D:15     | Found a staircase to the Depths.
 21115 | Depths:1 | Entered Level 1 of the Depths
 21115 | Depths:1 | Found a broken altar of Ashenzari.
 21497 | D:12     | Reached skill level 20 in Long Blades
 21696 | D:12     | Reached XP level 15. HP: 117/118 MP: 23/23
 21838 | D:12     | Identified the +5 dire flail of Wariness {flame, *Corrode
                  | rN+++ Str+4 Stlth+}
 22394 | Lair:1   | Noticed Amaemon
 22598 | D:9      | Killed Amaemon
 23094 | Lair:1   | Killed Fannar
 23334 | Lair:2   | Found a hole to the Spider Nest.
 23573 | Lair:2   | HP: 3/118 [four-headed hydra (4)]
 23573 | Lair:2   | HP: 1/118 [four-headed hydra (2)]
 23868 | Lair:2   | Learned a level 2 spell: Wereblood
 24054 | Lair:2   | Found a staircase to the Shoals.
 25629 | Lair:4   | Reached skill level 1 in Transmutations
 25636 | Lair:4   | Identified the +9 trident of the Shifting Penguin
                  | {antimagic, Str-4 Dex+5}
 25792 | Lair:4   | Reached skill level 1 in Spellcasting
 26015 | Lair:4   | Found a viscous altar of Jiyva.
 26016 | Lair:4   | Found a runed translucent door.
 26016 | Lair:4   | Noticed an azure jelly
 26017 | Lair:4   | Found a staircase to the Slime Pits.
 26017 | Lair:4   | Noticed an azure jelly
 26253 | Lair:5   | Entered Level 5 of the Lair of Beasts
 26648 | Lair:5   | Reached skill level 5 in Spellcasting
 26984 | Lair:5   | Reached XP level 16. HP: 125/125 MP: 25/25
 27037 | Lair:5   | Found a large runed translucent door.
 27037 | Lair:5   | Found a large runed translucent door.
 27889 | Shoals:1 | Entered Level 1 of the Shoals
 27953 | Shoals:1 | Reached skill level 1 in Translocations
 28047 | Shoals:1 | Noticed Nikola
 28361 | Shoals:1 | Found Evae's Book Boutique.
 28375 | Shoals:1 | Bought an Inescapable Atlas for 352 gold pieces
 28378 | Shoals:1 | Learned a level 2 spell: Blink
 28837 | Shoals:2 | HP: 1/125 [wind drake/the air (15)]
 29125 | Shoals:2 | Reached skill level 5 in Translocations
 31607 | Shoals:4 | Entered Level 4 of the Shoals
 32013 | Shoals:4 | Reached XP level 17. HP: 130/131 MP: 28/28
 32243 | Shoals:4 | Noticed Aizul
 32273 | Shoals:4 | Killed Aizul
 32633 | Shoals:3 | Reached skill level 10 in Translocations
 33668 | Shoals:4 | Got a barnacled rune of Zot
 33768 | Shoals:4 | Noticed Polyphemus
 33949 | Shoals:4 | Identified the ring of Xaget {Wiz rN+ Int+5}
 34108 | Shoals:4 | Killed Polyphemus
 34355 | Shoals:4 | Reached skill level 21 in Long Blades
 35377 | Spider:1 | Entered Level 1 of the Spider Nest
 35377 | Spider:1 | Noticed Donald
 35390 | Spider:1 | Killed Donald
 36218 | Spider:1 | Reached skill level 22 in Long Blades
 37500 | Spider:2 | Reached XP level 18. HP: 138/138 MP: 8/29
 38540 | Spider:3 | Reached skill level 23 in Long Blades
 38876 | Spider:2 | Gained mutation: You sometimes lose your temper in combat.
                  | [mutagenic glow]
 39482 | Spider:3 | Lost mutation: You sometimes lose your temper in combat.
                  | [potion of mutation]
 39482 | Spider:3 | Gained mutation: Your movements are slightly less
                  | encumbered by armour. (ER -2) [potion of mutation]
 39482 | Spider:3 | Gained mutation: Your mind is acute. (Int +4, Str/Dex -1)
                  | [potion of mutation]
 39482 | Spider:3 | Gained mutation: Your spells are a little easier to cast,
                  | but a little less powerful. [potion of mutation]
 39525 | Spider:3 | Learned a level 3 spell: Mephitic Cloud
 39531 | Spider:3 | Learned a level 5 spell: Alistair's Intoxication
 40378 | Spider:3 | Reached skill level 24 in Long Blades
 40763 | Spider:4 | Entered Level 4 of the Spider Nest
 40969 | Spider:4 | Learned a level 6 spell: Dispersal
 40978 | Spider:4 | Learned a level 8 spell: Disjunction
 41068 | Spider:4 | Identified the +0 ring mail of the Will of the Gods
                  | {Rampage Will+ Int-2 Dex+5}
 41317 | Spider:4 | Noticed Mlioglotl
 41902 | Spider:4 | Noticed Arachne
 42179 | Spider:4 | HP: 3/138 [emperor scorpion (18)]
 42208 | Spider:4 | HP: 6/138 [meliai/divine providence (12)]
 43278 | Spider:4 | Killed Mlioglotl
 43474 | Spider:4 | Killed Arachne
 43571 | Spider:4 | Blown up by an orb spider

Illustrated notes

Levels and vault maps discovered:
D:1:      dpeg_arrival_caged_fury, layout_loops_ring
D:2:      layout_loops_ring, minivault_25, minmay_octomino_e4
D:3:      minmay_chambers_of_twos, layout_rooms, nicolae_overflow_hidden_temple,
          fedhas_altar_4, nicolae_gozag_cash_rules_everything_around_me
D:4:      layout_gridville, minmay_temple_entry_butterflies,
          gammafunk_ghost_stat_death
D:5:      layout_basic, serial_shops, nicolae_stop_n_shop_1,
          chequers_ossuary_entry_cave, roderic_roman_lattice,
          lemuel_flame_loot_1, uniq_prince_ribbit1, uniq_edmund, uniq_menkaure,
          uniq_grinder
D:6:      corexii_shantytown, layout_basic, grunt_temple_overflow_cloverleaf,
          mainiacjoe_overflow_cross_hatched, kennysheep_diamond, roderic_batcave
D:7:      layout_basic, enter_bailey_7
D:8:      due_megacathedral, layout_rooms, serial_park_tiny_1, uniq_pikel,
          uniq_gastronok
D:9:      layout_gridville, david_lair_generic
D:10:     lemuel_slime, layout_loops_ring, marbit_many_paths, glass_columns_c,
          uniq_harold
D:11:     layout_irregular_city, david_orc_2, portal_ice_cave_entry_imps,
          serial_co_window_serial, co_window_paths_b, co_window_paths_a,
          co_window_of_opportunity_a, co_window_paths_b, co_window_paths_a,
          co_window_of_opportunity_a, co_window_broadway_b, co_window_2corner,
          co_window_cross_3, glass_columns_a, glass_columns_a, glass_columns_a,
          glass_columns_b, hangedman_glass_teeth, minivault_14
D:12:     minmay_dotted_concentric_squares, layout_basic
D:13:     layout_loops_ring, minmay_misc_feat_square
D:14:     layout_loops_cross, lightli_vaults_fourway_checkpoint, hex_medium,
          enter_trove_3, serial_shops, nicolae_square_shop, st_stairs_14,
          chequers_serial_rivers_large_b
D:15:     grunt_enter_depths_magical_seal, layout_small_grid, serial_shops,
          nicolae_shop_hallway_stairs, minmay_misc_feat_alley
Temple:   nicolae_temple_god_jail
Lair:1:   layout_roguey, uniq_amaemon, uniq_fannar
Lair:2:   layout_roguey, elwin_shoals_entry_rooms,
          hellmonk_spider_entry_life_and_decay, guppyfry_lair_drakes
Lair:3:   dreamdust_cave_troll, layout_regular_city, serial_bayou_shore_b,
          infiniplex_staircase_pool_2
Lair:4:   layout_regular_city, slime_entry_2, grunt_megastairs_2,
          serial_bayou_shore_b
Lair:5:   cheibrodos_lair_end_hotspot, layout_cellular_growth
Shoals:1: layout_shoals, serial_shops, nicolae_lakefront_shop, uniq_nikola
Shoals:2: layout_shoals
Shoals:3: layout_shoals, nicolae_shoals_spring_well_temple
Shoals:4: shoals_end_simple, layout_shoals, uniq_aizul, uniq_polyphemus
Spider:1: layout_spider_delve, special_room [special_room_bee],
          hellmonk_test_site, uniq_donald
Spider:2: layout_spider_delve, hellmonk_deceptive_appearances
Spider:3: layout_cave_pods
Spider:4: hellmonk_spider_rune_endless_swarm, uniq_arachne, uniq_mlioglotl
Orc:1:    layout_caves
Orc:2:    grunt_orc_community_town_hall, layout_caves,
          grunt_orc_community_big_house_1, grunt_orc_community_big_house_2,
          grunt_orc_community_house_3, grunt_orc_community_house_3,
          grunt_orc_community_house_3, grunt_orc_community_house_2,
          grunt_orc_community_house_3, grunt_orc_community_house_1,
          abandoned_shop, nicolae_orc_lost_temple, uniq_saint_roka, uniq_rupert
Depths:1: gold_lair_mu, layout_basic, enter_ziggurat_a,
          ashenzari_conservatory_becter, grunt_metal_band, serial_shops, shop,
          marbit_kobold_abyss_entry, minmay_shop_enchanted_jewellery,
          hellmonk_bongcloud_opening, chequers_hall_statues_y,
          not_door_vault_due

Skill      XL: |  1  2  3  4  5  6  7  8  9 10 11 12 13 14 15 16 17 18 |
---------------+-------------------------------------------------------+-----
Long Blades    | 4 5 7 9 11 13 14 16 20 22 24 | 24.1
Dodging        | 10 17 18 20 21 | 21.6
Fighting       | 8 10 11 | 11.1
Invocations    | 7 11 | 11.4
Armour         | 2 4 |  4.1
Transmutations | 2 |  2.1
Spellcasting   | 6 7 8 |  8.0
Translocations | 8 11 | 11.0
Stealth        | |  2.1

Action                     |  1- 3 |  4- 6 |  7- 9 | 10-12 | 13-15 | 16-18 || total
---------------------------+-------+-------+-------+-------+-------+-------++-------
  Melee: Falchion          |    85 |       |       |       |       |       ||    85
         Dagger            |     5 |   184 |       |       |       |       ||   189
         Scimitar          |       |     9 |   381 |   581 |  1323 |  2270 ||  4564
         Punch             |       |     3 |     6 |     5 |       |    38 ||    52
         Short sword       |       |     1 |       |     1 |    13 |       ||    15
         Tailslap          |       |       |     5 |     2 |     6 |   158 ||   171
         Rapier            |       |       |       |       |       |     1 ||     1
   Fire: Arbalest          |       |       |       |     6 |       |       ||     6
  Throw: Dart              |       |     1 |     3 |    31 |       |       ||    35
   Cast: Manifold Assault  |       |       |       |       |       |   228 ||   228
         Blink             |       |       |       |       |       |     7 ||     7
         Wereblood         |       |       |       |       |       |     2 ||     2
 Invoke: Grand Finale      |       |       |       |       |     2 |       ||     2
  Evoke: Wand              |       |       |       |    14 |     8 |    14 ||    36
         Condenser vane    |       |       |       |     1 |       |       ||     1
    Use: Potion            |       |     1 |     1 |     1 |     6 |     7 ||    16
         Scroll            |       |     5 |     9 |     7 |    16 |    20 ||    57
   Stab: Sleeping          |     7 |     5 |    21 |     8 |     3 |     7 ||    51
         Paralysed         |       |       |     3 |    24 |   104 |   136 ||   267
         Distracted        |       |       |     2 |     1 |     2 |     8 ||    13
         Petrifying        |       |       |       |       |       |     2 ||     2
         Petrified         |       |       |       |       |       |     1 ||     1
 Armour: Robe              |    31 |    39 |    67 |    14 |       |       ||   151
         Steam dragon scal |       |       |       |    17 |       |       ||    17
         Chain mail        |       |       |       |    23 |    23 |       ||    46
         Troll leather arm |       |       |       |       |   126 |   137 ||   263
         Ring mail         |       |       |       |       |       |    57 ||    57
  Dodge: Dodged            |    62 |   110 |   279 |   472 |  1534 |  2429 ||  4886
  Block: Other             |       |       |       |       |       |   304 ||   304
         Reflection        |       |       |       |       |       |     7 ||     7

Table legend: (Time is in decaauts)
 A = Elapsed time spent in this place.
 B = Non-inter-level travel time spent in this place.
 C = Inter-level travel time spent in this place.
 D = Time resting spent in this place.
 E = Time spent auto-exploring this place.
 F = Levels seen in this place.
 G = Mean time per level.
                   A        B        C        D        E       F      G
               +--------+--------+--------+--------+--------+-----+--------+
         Total |  40992 |  38626 |   2366 |   8222 |  20767 |  35 | 1171.2 |
       Dungeon |  17102 |  15731 |   1371 |   1381 |  10963 |  15 | 1140.1 |
        Temple |     69 |     59 |     10 |      0 |     29 |   1 |   69.0 |
          Lair |   5292 |   4851 |    441 |    190 |   3517 |   5 | 1058.4 |
        Shoals |   5936 |   5629 |    307 |   1322 |   2143 |   4 | 1484.0 |
   Spider Nest |   7899 |   7716 |    183 |   3110 |   3041 |   4 | 1974.8 |
  Orcish Mines |    825 |    772 |     53 |    107 |    336 |   2 |  412.5 |
        Depths |      4 |      4 |      0 |      0 |      0 |   1 |    4.0 |
       Ossuary |    716 |    716 |      0 |    447 |    117 |   1 |  716.0 |
        Bailey |    788 |    788 |      0 |    206 |    334 |   1 |  788.0 |
      Ice Cave |   2355 |   2355 |      0 |   1457 |    285 |   1 | 2355.0 |
               +--------+--------+--------+--------+--------+-----+--------+

Top non-repeatable levels by time:
   IceCv: 2355 daAuts
Shoals:3: 2320 daAuts
Spider:3: 2272 daAuts
Spider:2: 2193 daAuts
Spider:4: 1962 daAuts
     D:5: 1783 daAuts
Shoals:4: 1713 daAuts
  Lair:5: 1479 daAuts
Spider:1: 1470 daAuts
    D:12: 1378 daAuts
     D:9: 1353 daAuts
    D:14: 1239 daAuts
    D:11: 1233 daAuts
    D:10: 1229 daAuts
     D:6: 1217 daAuts
